[Event "FIDE WYCC Open U14 2023"]
[Site "Montesilvano"]
[Date "2023.11.22"]
[Round "9.19"]
[White "Nainys, Zanas"]
[Black "Arnold, Rhys"]
[Result "1/2-1/2"]
[ECO "A13"]
[WhiteElo "1974"]
[BlackElo "2146"]
[Annotator "RC"]
[PlyCount "96"]
[EventDate "2023.11.13"]
[EventType "swiss"]
[EventCountry "ITA"]
[SourceTitle "playchess.com"]
[Source "ChessBase"]
[SourceQuality "1"]
[TimeControl "40/5400+30:1800+30"]

1. c4 e6 2. Nf3 d5 3. e3 Nf6 4. b3 Be7 5. Bb2 O-O 6. Nc3 c5 7. cxd5 Nxd5 8. Nxd5 Qxd5 9. Bc4 Qd8 10. O-O Nc6 11. Qe2 Bf6 12. d4 cxd4 13. exd4 Ne7 14. Ne5 Bd7 15. f4 Bc6 16. Rad1 Bd5 17. Ng4 Nf5 18. Bd3 Kh8 19. Bb1 Rg8 20. Ne5 Bxe5 21. fxe5 a5 22. Bc1 a4 23. Rd3 g6 24. Rh3 axb3 25. axb3 Rc8 26. Qg4 Rxc1 27. Rxc1 Bc6 28. Re1 Qa5 29. Rf1 Qd2 30. Rd3 Qb2 31. Qg5 Ra8 32. Qd2 Qxd2 33. Rxd2 Ne3 34. Re1 Ra1 35. Rxe3 Rxb1+ 36. Kf2 Bd5 37. Rc3 b5 38. Rc7 Kg7 39. h3 Rxb3 40. Kg1 Rb1+ 41. Kh2 Rf1 42. Rb2 b4 43. Rc5 b3 44. Rxd5 exd5 45. Rxb3 Rd1 46. Rb4 Kh6 47. Kg3 Kg5 48. Kf3 Rd2 1/2-1/2

[Event "FIDE WYCC Open U14 2023"]
[Site "Montesilvano"]
[Date "2023.11.22"]
[Round "9.20"]
[White "kiladze, Luka"]
[Black "Panda, Barnabas"]
[Result "1/2-1/2"]
[ECO "E11"]
[WhiteElo "2145"]
[BlackElo "1905"]
[Annotator "RC"]
[PlyCount "108"]
[EventDate "2023.11.13"]
[EventType "swiss"]
[EventCountry "ITA"]
[SourceTitle "playchess.com"]
[Source "ChessBase"]
[SourceQuality "1"]
[TimeControl "40/5400+30:1800+30"]

1. d4 Nf6 2. c4 e6 3. Nf3 Bb4+ 4. Nbd2 b6 5. a3 Bxd2+ 6. Qxd2 Bb7 7. e3 Ne4 8. Qc2 O-O 9. Bd3 f5 10. b3 d6 11. Bb2 Nd7 12. Rg1 d5 13. O-O-O Qe7 14. cxd5 exd5 15. Ne5 c5 16. Nxd7 Qxd7 17. Bxe4 fxe4 18. dxc5 bxc5 19. f3 Qe7 20. fxe4 dxe4 21. Qc4+ Qf7 22. Qxf7+ Rxf7 23. Rd6 Raf8 24. Rgd1 Rf1 25. Be5 Rxd1+ 26. Kxd1 Bc8 27. Bf4 Bg4+ 28. Kc2 Rf6 29. Rxf6 gxf6 30. Kc3 Kf7 31. Bd6 Ke6 32. Bxc5 a6 33. Kd4 f5 34. b4 Bd1 35. g3 Bc2 36. Bf8 Bd1 37. Kc5 Kd7 38. Kb6 Be2 39. a4 Bd3 40. Kb7 Be2 41. Kb6 Bd3 42. b5 axb5 43. axb5 Be2 44. Kc5 Kc7 45. Bd6+ Kb7 46. b6 Bh5 47. Bc7 Bf7 48. Kd6 Bh5 49. Ke5 Bg4 50. Kf6 Kc6 51. Kg5 h5 52. Kh4 Be2 53. Bd8 Kb7 54. h3 Bf1 1/2-1/2

[Event "FIDE WYCC Open U14 2023"]
[Site "Montesilvano"]
[Date "2023.11.22"]
[Round "9.21"]
[White "Radzimski, Antoni"]
[Black "Hobson, Kenneth"]
[Result "0-1"]
[ECO "C44"]
[WhiteElo "1904"]
[BlackElo "2142"]
[Annotator "RC"]
[PlyCount "136"]
[EventDate "2023.11.13"]
[EventType "swiss"]
[EventCountry "ITA"]
[SourceTitle "playchess.com"]
[Source "ChessBase"]
[SourceQuality "1"]
[TimeControl "40/5400+30:1800+30"]

1. e4 e5 2. Nf3 Nc6 3. d4 exd4 4. Nxd4 Qf6 5. Nb3 Qg6 6. Qe2 a5 7. a4 Nf6 8. f3 Bb4+ 9. c3 Bd6 10. g3 O-O 11. Bg2 b6 12. O-O Re8 13. Rd1 Bf8 14. Qf2 Ba6 15. Nd4 Ne5 16. Qc2 c5 17. Ne2 Bxe2 18. Qxe2 c4 19. Be3 d5 20. Nd2 dxe4 21. fxe4 Rac8 22. Bd4 h5 23. Bxe5 Rxe5 24. Nxc4 Bc5+ 25. Kh1 Re6 26. Nd2 Rce8 27. Rf1 R6e7 28. Rae1 Qh6 29. h3 Qg5 30. Rf3 h4 31. gxh4 Qxh4 32. Rf5 g6 33. Rxf6 Qxf6 34. Rf1 Qe5 35. Nc4 Qg3 36. e5 Rd8 37. Qe4 Kg7 38. b4 axb4 39. cxb4 Bf2 40. Qe2 Bd4 41. Rf3 Qg5 42. Rd3 Rc7 43. Rd1 Qe7 44. b5 Qe6 45. Bf1 Rcc8 46. Qg4 Qd5+ 47. Qg2 Qc5 48. Qe4 Bc3 49. Rd6 Qf2 50. Qg2 Qc5 51. Qe4 Rxd6 52. exd6 Qd4 53. Qxd4+ Bxd4 54. a5 bxa5 55. Nxa5 Kf6 56. Nc6 Bb6 57. d7 Rh8 58. Nb4 Ke6 59. Bc4+ Kxd7 60. Bxf7 Rxh3+ 61. Kg2 Rh5 62. Nd5 Rg5+ 63. Kh3 Bc7 64. b6 Bb8 65. Nb4 Rg3+ 66. Kh4 Rf3 67. Na6 Rxf7 68. Nxb8+ Kd6 0-1

[Event "FIDE WYCC Open U14 2023"]
[Site "Montesilvano"]
[Date "2023.11.22"]
[Round "9.22"]
[White "Warchol, Kamil"]
[Black "Chanturia, Giorgi"]
[Result "1-0"]
[ECO "B22"]
[WhiteElo "2095"]
[BlackElo "1668"]
[Annotator "NA RC"]
[PlyCount "49"]
[EventDate "2023.11.13"]
[EventType "swiss"]
[EventCountry "ITA"]
[SourceTitle "playchess.com"]
[Source "ChessBase"]
[SourceQuality "1"]
[TimeControl "40/5400+30:1800+30"]

1. e4 c5 2. c3 g6 3. Nf3 Bg7 4. d4 cxd4 5. cxd4 d5 6. e5 Bg4 7. Bb5+ Nc6 8. Bxc6+ bxc6 9. Nbd2 Nh6 10. O-O Qb6 11. h3 Bxf3 12. Nxf3 O-O 13. Bf4 f6 14. exf6 Rxf6 15. Be5 Rf5 16. Bxg7 Kxg7 17. Qe2 Nf7 18. Qxe7 Qxb2 19. Rab1 Qxa2 20. Rb7 Qa6 21. Ng5 Re8 22. Ne6+ Kh6 23. Qxe8 Nd6 24. Qd8 Nxb7 25. Qh4+ 1-0

[Event "FIDE WYCC Open U14 2023"]
[Site "Montesilvano"]
[Date "2023.11.22"]
[Round "9.23"]
[White "Georgiadis, Anastasios"]
[Black "Villa Tornero, Alex"]
[Result "0-1"]
[ECO "A59"]
[WhiteElo "2001"]
[BlackElo "2383"]
[Annotator "RC"]
[PlyCount "88"]
[EventDate "2023.11.13"]
[EventType "swiss"]
[EventCountry "ITA"]
[SourceTitle "playchess.com"]
[Source "ChessBase"]
[SourceQuality "1"]
[TimeControl "40/5400+30:1800+30"]

1. d4 Nf6 2. c4 c5 3. d5 b5 4. cxb5 a6 5. bxa6 g6 6. Nc3 Bxa6 7. e4 Bxf1 8. Kxf1 d6 9. g3 Bg7 10. Nf3 Nbd7 11. Kg2 O-O 12. a4 Qb6 13. Qe2 Rfb8 14. Bd2 Qa6 15. Nb5 Ne8 16. Bc3 Nc7 17. Bxg7 Kxg7 18. Rhe1 Nxb5 19. axb5 Qb7 20. Rxa8 Qxa8 21. b4 Qa4 22. bxc5 Nxc5 23. Qe3 Rxb5 24. Nd2 f6 25. h4 Qc2 26. Nf3 Rb3 27. Qe2 Qc3 28. Qd1 Rb2 29. Re2 Rb4 30. Re3 Qb2 31. Qd2 Qb1 32. Re1 Qb3 33. Nd4 Qa4 34. Rd1 h5 35. f3 Rc4 36. Kh3 Kh7 37. Nc6 Rc2 38. Qe3 Qa2 39. Rh1 Re2 40. Qc3 Rc2 41. Qd4 e5 42. dxe6 Qxe6+ 43. g4 hxg4+ 44. fxg4 Qb3+ 0-1

[Event "FIDE WYCC Open U14 2023"]
[Site "Montesilvano"]
[Date "2023.11.22"]
[Round "9.24"]
[White "Sommer, Justus"]
[Black "Besou, Hussain"]
[Result "1-0"]
[ECO "B51"]
[WhiteElo "2013"]
[BlackElo "2341"]
[Annotator "RC"]
[PlyCount "83"]
[EventDate "2023.11.13"]
[EventType "swiss"]
[EventCountry "ITA"]
[SourceTitle "playchess.com"]
[Source "ChessBase"]
[SourceQuality "1"]
[TimeControl "40/5400+30:1800+30"]

1. e4 c5 2. Nf3 d6 3. Bb5+ Nd7 4. d4 cxd4 5. Qxd4 a6 6. Bxd7+ Bxd7 7. Nc3 e5 8. Qd3 h6 9. Nd2 b5 10. a4 Rb8 11. axb5 axb5 12. Nf1 Nf6 13. Ne3 Be7 14. Ncd5 Nxd5 15. Nxd5 O-O 16. Bd2 Be6 17. Bb4 Bxd5 18. Qxd5 Qc7 19. c3 Qb7 20. Qxb7 Rxb7 21. Ke2 f5 22. Rhd1 fxe4 23. Bxd6 Bxd6 24. Rxd6 Rc8 25. Rc1 Rbc7 26. Rb6 Rc5 27. Rd1 R8c7 28. Ke3 Rf7 29. Rd2 Kh7 30. Kxe4 Rf4+ 31. Ke3 Rf7 32. f3 h5 33. Rd8 Re7 34. Rdb8 e4 35. Rxb5 exf3+ 36. Kxf3 Rc6 37. Rxh5+ Kg6 38. Rh4 Rce6 39. Rf4 Re3+ 40. Kg4 Re2 41. Rb6+ Kh7 42. Kh3 1-0

[Event "FIDE WYCC Open U14 2023"]
[Site "Montesilvano"]
[Date "2023.11.22"]
[Round "9.25"]
[White "Schuricht, Emil Frederick"]
[Black "Zienkiewicz, Jan"]
[Result "1-0"]
[ECO "E32"]
[WhiteElo "1998"]
[BlackElo "2296"]
[Annotator "RC"]
[PlyCount "61"]
[EventDate "2023.11.13"]
[EventType "swiss"]
[EventCountry "ITA"]
[SourceTitle "playchess.com"]
[Source "ChessBase"]
[SourceQuality "1"]
[TimeControl "40/5400+30:1800+30"]

1. d4 Nf6 2. c4 e6 3. Nc3 Bb4 4. Qc2 d6 5. a3 Bxc3+ 6. Qxc3 O-O 7. Bg5 Nbd7 8. Nf3 b6 9. Nd2 Bb7 10. e3 c5 11. dxc5 bxc5 12. Bd3 Rc8 13. O-O d5 14. cxd5 exd5 15. Bf5 Rc6 16. Bxd7 Qxd7 17. Bxf6 Rxf6 18. Qxc5 d4 19. exd4 Rc8 20. Qe5 Re8 21. Qc5 Re2 22. Rae1 Rxd2 23. Qc7 Bc8 24. Re7 Rfxf2 25. Rxd7 Rxg2+ 26. Kh1 Rxh2+ 27. Qxh2 Rxh2+ 28. Kxh2 Bxd7 29. Rc1 a5 30. Rc7 Be8 31. d5 1-0

[Event "FIDE WYCC Open U14 2023"]
[Site "Montesilvano"]
[Date "2023.11.22"]
[Round "9.26"]
[White "Dumanuly, Sultanbeibarys"]
[Black "Averin, Nikolay"]
[Result "0-1"]
[ECO "B53"]
[WhiteElo "1931"]
[BlackElo "2270"]
[Annotator "RC"]
[PlyCount "100"]
[EventDate "2023.11.13"]
[EventType "swiss"]
[EventCountry "ITA"]
[SourceTitle "playchess.com"]
[Source "ChessBase"]
[SourceQuality "1"]
[TimeControl "40/5400+30:1800+30"]

1. e4 c5 2. Nf3 d6 3. d4 cxd4 4. Qxd4 Nc6 5. Qd3 g6 6. Nc3 Bg7 7. Be2 Nf6 8. O-O O-O 9. Nd5 Nd7 10. c3 Nc5 11. Qc2 Bg4 12. Bg5 h6 13. Bh4 g5 14. Bg3 f5 15. exf5 Bxf5 16. Qd1 Kh8 17. Nd2 Bh7 18. Ne3 Nd3 19. Bxd3 Bxd3 20. Re1 Bh7 21. Nf3 Qd7 22. Qa4 Rad8 23. h4 Rxf3 24. gxf3 Ne5 25. Qxd7 Nxf3+ 26. Kg2 Nxe1+ 27. Rxe1 Rxd7 28. hxg5 hxg5 29. Nd5 Bf8 30. Kf3 Kg7 31. Kg4 Bg8 32. c4 Bxd5 33. cxd5 Rc7 34. Kxg5 Rc2 35. b4 Rxa2 36. Rd1 Kf7 37. Kf5 Bg7 38. Bh4 Rb2 39. Re1 Bf8 40. Re4 Rd2 41. Rf4 Bh6 42. Rc4 Rxd5+ 43. Kg4 Rb5 44. f4 Bg7 45. Be1 Ke8 46. f5 Bf6 47. Kf4 Kd7 48. Rc2 a6 49. Bd2 Rb6 50. Ke4 Rc6 0-1

[Event "FIDE WYCC Open U14 2023"]
[Site "Montesilvano"]
[Date "2023.11.22"]
[Round "9.27"]
[White "Dinh Nho Kiet"]
[Black "Demirtas, Alper"]
[Result "1-0"]
[ECO "D35"]
[WhiteElo "2253"]
[BlackElo "2034"]
[Annotator "RC"]
[PlyCount "97"]
[EventDate "2023.11.13"]
[EventType "swiss"]
[EventCountry "ITA"]
[SourceTitle "playchess.com"]
[Source "ChessBase"]
[SourceQuality "1"]
[TimeControl "40/5400+30:1800+30"]

1. d4 d5 2. c4 e6 3. Nc3 Nf6 4. cxd5 exd5 5. Bg5 Be7 6. e3 c6 7. Bd3 Nbd7 8. Nge2 Nh5 9. Bxe7 Qxe7 10. g4 Nhf6 11. Ng3 Nb6 12. g5 Ng8 13. h4 g6 14. Qe2 Bd7 15. O-O-O O-O-O 16. f4 h6 17. Qf3 Re8 18. e4 dxe4 19. Ngxe4 f5 20. Nc5 Qe3+ 21. Qxe3 Rxe3 22. h5 hxg5 23. hxg6 Rxh1 24. Rxh1 gxf4 25. Rh8 Re8 26. Be2 Ne7 27. g7 Rg8 28. Bh5 f3 29. Kd1 Kc7 30. Rxg8 Nxg8 31. Bf7 Nh6 32. Ke1 Nc8 33. g8=Q Nxg8 34. Bxg8 Ne7 35. Bf7 f4 36. Bh5 b6 37. Nxd7 Kxd7 38. Bxf3 Kd6 39. Ke2 Nf5 40. Kd3 Nh4 41. Ke4 Nxf3 42. Kxf3 c5 43. dxc5+ Kxc5 44. Kxf4 Kd4 45. Nb5+ Kd3 46. Nxa7 Kc2 47. b4 Kc3 48. b5 Kc4 49. Ke5 1-0

[Event "FIDE WYCC Open U14 2023"]
[Site "Montesilvano"]
[Date "2023.11.22"]
[Round "9.28"]
[White "Sodbilegt, Naranbold"]
[Black "Kazantzoglou, Stefanos"]
[Result "1/2-1/2"]
[ECO "C45"]
[WhiteElo "2151"]
[BlackElo "2031"]
[Annotator "RC"]
[PlyCount "137"]
[EventDate "2023.11.13"]
[EventType "swiss"]
[EventCountry "ITA"]
[SourceTitle "playchess.com"]
[Source "ChessBase"]
[SourceQuality "1"]
[TimeControl "40/5400+30:1800+30"]

1. e4 e5 2. Nf3 Nc6 3. d4 exd4 4. Nxd4 Bc5 5. Be3 Qf6 6. c3 Nge7 7. Bc4 Ne5 8. Be2 d6 9. O-O Qg6 10. f3 O-O 11. Nd2 Bd7 12. a4 a5 13. Nc2 Bxe3+ 14. Nxe3 N5c6 15. f4 f5 16. Qb3+ Kh8 17. Bd3 Qe6 18. Bc4 Qg6 19. Bd3 Qe6 20. Bc4 Qg6 21. exf5 Nxf5 22. Rae1 Nxe3 23. Rxe3 Qh5 24. Rfe1 b6 25. Be6 Bxe6 26. Qxe6 Rxf4 27. Nf3 Qf5 28. Qxf5 Rxf5 29. Re8+ Rf8 30. Rxa8 Rxa8 31. Re4 Rc8 32. Kf2 Kg8 33. Ke3 Kf7 34. Kd3 h6 35. Rf4+ Ke6 36. Rg4 g5 37. h4 Kf5 38. Rc4 Ne5+ 39. Nxe5 Kxe5 40. Re4+ Kf6 41. Kd4 c6 42. Re1 gxh4 43. Re4 Kg5 44. Re6 Rd8 45. Ke3 h5 46. Re7 h3 47. gxh3 Kh4 48. Rb7 Kxh3 49. Rxb6 Kg2 50. Rxc6 h4 51. Rc4 Kg3 52. Rc7 Rg8 53. Rh7 Rg4 54. b4 axb4 55. cxb4 Rxb4 56. Rg7+ Kh2 57. a5 Ra4 58. Rg5 h3 59. Kf3 Ra3+ 60. Kf2 Ra2+ 61. Kf3 Kh1 62. Rd5 Ra3+ 63. Kf2 Kh2 64. Rxd6 Rxa5 65. Rf6 Ra2+ 66. Kf1 Rg2 67. Rf8 Rg7 68. Kf2 Rg5 69. Rf7 1/2-1/2

[Event "FIDE WYCC Open U14 2023"]
[Site "Montesilvano"]
[Date "2023.11.22"]
[Round "9.29"]
[White "Tabatadze, Erekle"]
[Black "Tregubenko, Nikolay"]
[Result "0-1"]
[ECO "E73"]
[WhiteElo "1925"]
[BlackElo "2138"]
[Annotator "RC"]
[PlyCount "124"]
[EventDate "2023.11.13"]
[EventType "swiss"]
[EventCountry "ITA"]
[SourceTitle "playchess.com"]
[Source "ChessBase"]
[SourceQuality "1"]
[TimeControl "40/5400+30:1800+30"]

1. d4 Nf6 2. c4 g6 3. Nc3 Bg7 4. e4 d6 5. Be2 O-O 6. Bg5 c5 7. d5 e6 8. f3 exd5 9. cxd5 a6 10. a4 Qc7 11. Qd2 Re8 12. Bh6 Nbd7 13. Bxg7 Kxg7 14. Nh3 c4 15. Qd4 Nc5 16. Bxc4 Bxh3 17. gxh3 Qb6 18. O-O Nxa4 19. Qxb6 Nxb6 20. Bd3 Rac8 21. Ra3 Nbd7 22. Kf2 Ne5 23. Ke3 Nfd7 24. Be2 Rc7 25. Kd4 Rec8 26. Rf2 Nb6 27. Rb3 Nbc4 28. f4 Nd7 29. Bg4 f6 30. Bxd7 Rxd7 31. Rc2 b5 32. Na2 Re8 33. Re2 Rde7 34. Rc3 f5 35. e5 dxe5+ 36. fxe5 Nxe5 37. Rec2 Nc4 38. Nb4 a5 39. Nc6 Rd7 40. Kc5 f4 41. Rd3 Rf8 42. Rf2 Ne3 43. Ne5 Rc8+ 44. Nc6 Rf8 45. Ne5 Rc7+ 46. Kxb5 Rb8+ 47. Ka6 Nc2 48. Rxf4 Nb4+ 49. Rxb4 Rxb4 50. Nc6 Rxb2 51. Nd4 Rd7 52. Nb5 a4 53. d6 Kf6 54. Ka5 Ke6 55. Kxa4 Rb7 56. Re3+ Kd5 57. Rd3+ Kc6 58. Rc3+ Kd7 59. Rc5 Rxh2 60. Re5 Kc6 61. Rg5 Ra2+ 62. Kb3 Ra5 0-1

[Event "FIDE WYCC Open U14 2023"]
[Site "Montesilvano"]
[Date "2023.11.22"]
[Round "9.30"]
[White "Boci, Mateo"]
[Black "Vingris, Mikelis"]
[Result "0-1"]
[ECO "B50"]
[WhiteElo "1832"]
[BlackElo "2127"]
[Annotator "RC"]
[PlyCount "114"]
[EventDate "2023.11.13"]
[EventType "swiss"]
[EventCountry "ITA"]
[SourceTitle "playchess.com"]
[Source "ChessBase"]
[SourceQuality "1"]
[TimeControl "40/5400+30:1800+30"]

1. e4 c5 2. Nf3 d6 3. Bc4 Nf6 4. d3 e6 5. O-O Be7 6. c3 O-O 7. Bb3 b5 8. a3 Bb7 9. Re1 Nbd7 10. h3 Rc8 11. Nbd2 Qc7 12. Bc2 Rfd8 13. Nf1 Ne5 14. Ng3 Nfd7 15. Be3 Nxf3+ 16. Qxf3 d5 17. Rad1 Bd6 18. Nf1 a6 19. Qe2 h6 20. Bb1 Nf6 21. Bc1 dxe4 22. dxe4 Be5 23. g3 Rxd1 24. Rxd1 Qc6 25. f3 a5 26. Be3 Bc7 27. Qf2 Nd7 28. Bc2 Bb8 29. c4 bxc4 30. Kg2 Be5 31. Qd2 Nf8 32. Qxa5 Bxb2 33. Nd2 Ra8 34. Qxc5 Qxc5 35. Bxc5 Bxa3 36. Bxa3 Rxa3 37. Nxc4 Ra2 38. Ne3 Ra3 39. Kf2 Ra8 40. g4 g5 41. Kg3 Ng6 42. Rd7 Ra3 43. Rd3 Ra1 44. Rd1 Ra2 45. Rd8+ Kg7 46. Rd7 Ba6 47. Ra7 Nf4 48. h4 Ne2+ 49. Kf2 Nd4 50. Kg3 gxh4+ 51. Kxh4 Nxf3+ 52. Kg3 Ng5 53. e5 Ra3 54. Kh2 Rxe3 55. Rxa6 Re2+ 56. Kg3 Rxc2 57. Ra7 Rc3+ 0-1

[Event "FIDE WYCC Open U14 2023"]
[Site "Montesilvano"]
[Date "2023.11.22"]
[Round "9.31"]
[White "Tao, Sihan"]
[Black "Escudero Ribo, Eloi"]
[Result "1-0"]
[ECO "B41"]
[WhiteElo "2122"]
[BlackElo "1929"]
[Annotator "NA RC"]
[PlyCount "71"]
[EventDate "2023.11.13"]
[EventType "swiss"]
[EventCountry "ITA"]
[SourceTitle "playchess.com"]
[Source "ChessBase"]
[SourceQuality "1"]
[TimeControl "40/5400+30:1800+30"]

1. e4 c5 2. Nf3 e6 3. d4 cxd4 4. Nxd4 a6 5. c4 Nf6 6. Nc3 Bb4 7. Qd3 Qc7 8. a3 Bxc3+ 9. Qxc3 Nxe4 10. Nb5 axb5 11. Qxg7 Rf8 12. Bh6 Qc5 13. f3 Nf2 14. b4 Qe7 15. Kxf2 Nc6 16. Be2 bxc4 17. Qxf8+ Qxf8 18. Bxf8 Kxf8 19. Bxc4 d5 20. Bd3 h6 21. Rhc1 Ke7 22. f4 Kd6 23. Ke3 f6 24. Rf1 Bd7 25. Bb5 Nxb4 26. axb4 Rxa1 27. Rxa1 Bxb5 28. Ra7 Bc6 29. b5 Bxb5 30. Rxb7 Bf1 31. Kf2 Bd3 32. Rf7 Bf5 33. Rxf6 h5 34. Rh6 h4 35. Rxh4 d4 36. Rh5 1-0

[Event "FIDE WYCC Open U14 2023"]
[Site "Montesilvano"]
[Date "2023.11.22"]
[Round "9.32"]
[White "Gut, Lionel"]
[Black "Sharshenbekov, Emir"]
[Result "1/2-1/2"]
[ECO "E73"]
[WhiteElo "2113"]
[BlackElo "1893"]
[Annotator "NA RC"]
[PlyCount "84"]
[EventDate "2023.11.13"]
[EventType "swiss"]
[EventCountry "ITA"]
[SourceTitle "playchess.com"]
[Source "ChessBase"]
[SourceQuality "1"]
[TimeControl "40/5400+30:1800+30"]

1. d4 Nf6 2. c4 g6 3. Nc3 Bg7 4. e4 d6 5. Be2 O-O 6. Be3 c5 7. d5 e6 8. Nf3 exd5 9. cxd5 b5 10. e5 dxe5 11. Bxc5 Re8 12. Bxb5 Nbd7 13. Ba3 e4 14. Nd4 e3 15. O-O exf2+ 16. Kh1 Ne4 17. Nxe4 Rxe4 18. Nf3 Ne5 19. Rxf2 Qb6 20. Qf1 Ng4 21. Rd2 Bh6 22. Rc2 Bf5 23. Bc5 Qf6 24. Re2 Be3 25. b4 Bxc5 26. bxc5 Rxe2 27. Bxe2 Ne3 28. Qg1 Nxd5 29. Qd4 Rc8 30. Rc1 Qe7 31. Ba6 Rd8 32. Qe5 Qxe5 33. Nxe5 Nc7 34. Bc4 Be6 35. Bxe6 Nxe6 36. c6 Kf8 37. Kg1 Ke8 38. Nd7 Ke7 39. Rd1 f6 40. Rb1 Rc8 41. Rb7 Rxc6 42. Rxa7 Nc7 1/2-1/2

[Event "FIDE WYCC Open U14 2023"]
[Site "Montesilvano"]
[Date "2023.11.22"]
[Round "9.33"]
[White "Medhus, Vitus Bondo"]
[Black "Yun, Hungi"]
[Result "1-0"]
[ECO "B23"]
[WhiteElo "2108"]
[BlackElo "1884"]
[Annotator "NA COMBH"]
[PlyCount "45"]
[EventDate "2023.11.13"]
[EventType "swiss"]
[EventCountry "ITA"]
[SourceTitle "playchess.com"]
[Source "ChessBase"]
[SourceQuality "1"]
[TimeControl "40/5400+30:1800+30"]

1. e4 c5 2. Nc3 d6 3. f4 g6 4. Nf3 Bg7 5. Bb5+ Bd7 6. Bc4 Nc6 7. d3 e6 8. f5 Nf6 9. Bf4 Qb8 10. O-O O-O 11. fxe6 fxe6 12. Nb5 Ne8 13. Ng5 Nd4 14. Nxd4 Bxd4+ 15. Kh1 Ng7 16. Qg4 Bf6 17. Nxe6 Bxe6 18. Bxe6+ Kh8 19. Bd5 Qc7 20. Rf3 Rae8 21. Raf1 Bxb2 22. Bc1 Rxf3 23. Qxf3 1-0

[Event "FIDE WYCC Open U14 2023"]
[Site "Montesilvano"]
[Date "2023.11.22"]
[Round "9.34"]
[White "Yang, Sylvia Siyuan"]
[Black "Lin, Leo"]
[Result "0-1"]
[ECO "A04"]
[WhiteElo "1973"]
[BlackElo "2097"]
[Annotator "NA RC"]
[PlyCount "82"]
[EventDate "2023.11.13"]
[EventType "swiss"]
[EventCountry "ITA"]
[SourceTitle "playchess.com"]
[Source "ChessBase"]
[SourceQuality "1"]
[TimeControl "40/5400+30:1800+30"]

1. Nf3 d6 2. d4 Nf6 3. g3 Nbd7 4. Bg2 e5 5. c4 Be7 6. O-O O-O 7. Nc3 c6 8. e4 a6 9. a4 a5 10. b3 exd4 11. Nxd4 Nc5 12. Rb1 Re8 13. h3 Bf8 14. Qc2 g6 15. Be3 Bg7 16. Rfe1 Nfd7 17. f4 f5 18. Bf2 fxe4 19. Nxe4 Nxe4 20. Rxe4 Rxe4 21. Qxe4 Nc5 22. Qf3 Qf8 23. Rd1 Bd7 24. g4 Re8 25. Bg3 Ne4 26. Be1 c5 27. Nb5 Bc6 28. Qf1 Bxb5 29. cxb5 Bd4+ 30. Rxd4 cxd4 31. Qc4+ Qf7 32. Qxd4 Qxf4 33. Qd5+ Kf8 34. Bxa5 Qc1+ 35. Kh2 Qf4+ 36. Kg1 Qe3+ 37. Kh2 Qf4+ 38. Kg1 Qf2+ 39. Kh2 Qg3+ 40. Kg1 Rc8 41. Qd1 Qe3+ 0-1

[Event "FIDE WYCC Open U14 2023"]
[Site "Montesilvano"]
[Date "2023.11.22"]
[Round "9.35"]
[White "Kjartansson, Matthias Bjorgvin"]
[Black "Asikainen, Eeli"]
[Result "0-1"]
[ECO "E91"]
[WhiteElo "1651"]
[BlackElo "2081"]
[Annotator "NA RC"]
[PlyCount "42"]
[EventDate "2023.11.13"]
[EventType "swiss"]
[EventCountry "ITA"]
[SourceTitle "playchess.com"]
[Source "ChessBase"]
[SourceQuality "1"]
[TimeControl "40/5400+30:1800+30"]

1. d4 Nf6 2. c4 g6 3. Nc3 Bg7 4. e4 d6 5. Be2 O-O 6. Nf3 Nbd7 7. O-O e5 8. Be3 Qe7 9. Qc2 c6 10. Rad1 exd4 11. Nxd4 Nc5 12. f3 d5 13. cxd5 cxd5 14. Bg5 Ne6 15. Nxd5 Nxd5 16. Bxe7 Nxd4 17. Bxf8 Nxc2 18. Rxd5 Bxf8 19. Rd8 Nb4 20. Rc1 Nc6 21. f4 Nxd8 0-1

[Event "FIDE WYCC Open U14 2023"]
[Site "Montesilvano"]
[Date "2023.11.23"]
[Round "10.1"]
[White "Akhmedov, David"]
[Black "Vetokhin, Savva"]
[Result "1-0"]
[ECO "A13"]
[WhiteElo "2240"]
[BlackElo "2403"]
[Annotator "RC"]
[PlyCount "91"]
[EventDate "2023.11.13"]
[EventType "swiss"]
[EventCountry "ITA"]
[SourceTitle "playchess.com"]
[Source "ChessBase"]
[SourceQuality "1"]
[TimeControl "40/5400+30:1800+30"]

1. Nf3 Nf6 2. c4 e6 3. g3 d5 4. Bg2 dxc4 5. O-O c5 6. Na3 Be7 7. Nxc4 Nc6 8. b3 O-O 9. Bb2 Bd7 10. d4 cxd4 11. Nxd4 Nd5 12. e4 Nc7 13. Rc1 Bf6 14. Nxc6 Bxc6 15. Bxf6 Qxf6 16. Na5 Rfd8 17. Qc2 Nb5 18. Nxc6 bxc6 19. Qxc6 Nd4 20. Qc4 e5 21. f4 Rf8 22. fxe5 Qxe5 23. Qc5 Rfe8 24. Qxe5 Rxe5 25. Rc7 f6 26. Rd1 Ne6 27. Re7 Nd4 28. Rb7 Rd8 29. Kf2 a5 30. Rc7 Rd6 31. Bf1 h5 32. Rc8+ Kh7 33. Rc4 Nb5 34. Rxd6 Nxd6 35. Rd4 Re6 36. Bh3 f5 37. e5 Nb5 38. Bxf5+ Kh6 39. Rd5 Rb6 40. a4 Na7 41. Rxa5 Nc6 42. Rd5 Kg5 43. Bd7 Nb4 44. Rb5 Rxb5 45. Bxb5 Kf5 46. a5 1-0

[Event "FIDE WYCC Open U14 2023"]
[Site "Montesilvano"]
[Date "2023.11.23"]
[Round "10.2"]
[White "Mamedov, Edgar"]
[Black "Banh Gia Huy"]
[Result "1/2-1/2"]
[ECO "A13"]
[WhiteElo "2234"]
[BlackElo "2397"]
[Annotator "RC"]
[PlyCount "200"]
[EventDate "2023.11.13"]
[EventType "swiss"]
[EventCountry "ITA"]
[SourceTitle "playchess.com"]
[Source "ChessBase"]
[SourceQuality "1"]
[TimeControl "40/5400+30:1800+30"]

1. c4 e6 2. Nf3 Nf6 3. Nc3 d5 4. e3 Be7 5. b3 O-O 6. Bb2 c5 7. cxd5 exd5 8. d4 Nc6 9. Be2 Ne4 10. dxc5 Bf6 11. Rc1 Qa5 12. Nd4 Nxc5 13. Nxc6 bxc6 14. O-O Ne4 15. Qc2 Nxc3 16. Bxc3 Bxc3 17. Qxc3 Qxa2 18. Rc2 Qa3 19. Ra1 Qe7 20. Qxc6 Be6 21. Qa4 Rab8 22. Rac1 Qb4 23. Qxa7 Qxb3 24. h3 Qb6 25. Qa1 Rfd8 26. Rd2 Ra8 27. Qe5 Qb8 28. Qd4 Ra7 29. Rb2 Rb7 30. Rxb7 Qxb7 31. Bf3 Qe7 32. Rd1 Rd7 33. Qe5 Qd6 34. Ra1 Qf8 35. Ra5 Qd8 36. Rb5 Rd6 37. Qb2 Rc6 38. Bxd5 Bxd5 39. Rxd5 Qc7 40. g3 h6 41. Qb5 Rc1+ 42. Kg2 Qc6 43. Qxc6 Rxc6 44. g4 g5 45. h4 gxh4 46. Rh5 Kg7 47. Rxh4 Ra6 48. Rh5 Ra1 49. Rb5 Ra4 50. Kg3 Kg6 51. f3 Ra3 52. e4 f6 53. Kf4 Ra6 54. Rd5 Ra3 55. Rc5 Rb3 56. e5 Rb4+ 57. Kg3 fxe5 58. Rxe5 Rb3 59. Re6+ Kg5 60. Re5+ Kg6 61. Rf5 Ra3 62. Kh4 Rb3 63. Kg3 Ra3 64. Rh5 Rb3 65. Rh1 Ra3 66. Rh3 Rb3 67. Rh2 Ra3 68. Rh5 Rb3 69. Re5 Kf6 70. Re2 Kg6 71. Rd2 Kg5 72. Kf2 Kh4 73. Rd6 Kg5 74. Rd5+ Kf6 75. f4 Ra3 76. Kg2 Kg6 77. Rd6+ Kg7 78. Rb6 Rc3 79. Kf2 Ra3 80. Re6 Rb3 81. Re3 Rb1 82. Kg3 Kf6 83. Kh4 Rh1+ 84. Rh3 Rg1 85. f5 Ra1 86. Kh5 Rg1 87. Rh2 Kg7 88. Kh4 Kf6 89. Rh3 Ra1 90. Rb3 Rh1+ 91. Kg3 Kg5 92. Rb6 Rg1+ 93. Kf3 h5 94. Rg6+ Kh4 95. gxh5 Rf1+ 96. Ke4 Kxh5 97. Ke5 Ra1 98. Rg2 Kh6 99. Rd2 Kg7 100. Rd7+ Kf8 1/2-1/2